 Dungeon Crawl Stone Soup version 0.30-a0-718-geaa24f58ff (webtiles) character file.

Game seed: 12392000504867927320

268 CrazyBamboolord the Sneak (level 6, 0/39 HPs)
             Began as a Kobold Monk on Jan 25, 2023.
             Slain by a gnoll
             ... wielding a +0 whip
              (7 damage)
             ... on level 4 of the Dungeon.
             The game lasted 00:04:51 (2878 turns).

CrazyBamboolord the Sneak (Kobold Monk)             Turns: 2878, Time: 00:04:52

Health: 0/39       AC:  2    Str:  8    XL:     6   Next: 46%
Magic:  6/6        EV: 17    Int: 12    God:
Gold:   151        SH:  0    Dex: 19    Spells: 5/5 levels left

rFire   . . .      SeeInvis .    a - +0 short sword (venom)
rCold   . . .      Faith    .    (no shield)
rNeg    . . .      Spirit   .    b - +0 robe
rPois   .          Reflect  .    (no helmet)
rElec   .          Harm     .    (no cloak)
rCorr   .          Rampage  .    (no gloves)
Will    .....                    (no boots)
Stlth   ++++                     (no amulet)
HPRegen 0.26/turn                (no ring)
MPRegen 0.10/turn                (no ring)

@: no status effects
A: small, no large weapons, nightstalker 3
a: no special abilities


You were on level 4 of the Dungeon.
You visited 1 branch of the dungeon, and saw 4 of its levels.

You collected 151 gold pieces.

Inventory:

Hand Weapons
 a - a +0 short sword of venom (weapon)
Armour
 b - a +0 robe (worn)
Scrolls
 f - 2 scrolls of teleportation
 g - a scroll of noise {unknown}
 h - a scroll of amnesia {unknown}
 i - a scroll of enchant armour {unknown}
 j - 3 scrolls of vulnerability
 l - a scroll of fear {unknown}
 m - a scroll of magic mapping {unknown}
 n - a scroll of fog {unknown}
Potions
 c - 2 potions of ambrosia
 d - a potion of degeneration {unknown}
 e - 2 potions of flight
 k - a potion of might {unknown}
 o - a potion of brilliance {unknown}


   Skills:
 * Level 4.3 Fighting
 * Level 5.7 Short Blades
 * Level 4.6 Dodging
 * Level 5.9 Stealth


You had 5 spell levels left.
You didn't know any spells.
Your spell library contained the following spells:

 Spells                   Type           Power      Damage    Failure   Level
 Beastly Appendage        Tmut           0%         N/A       32%         1
 Kiss of Death            Conj/Necr      0%         2d5       32%         1
 Wereblood                Tmut           0%         N/A       45%         2
 Confusing Touch          Hex            0%         N/A       69%         3
 Spider Form              Tmut/Pois      0%         N/A       69%         3
 Cause Fear               Hex            0%         N/A       97%         4
 Dispel Undead            Necr           0%         3d6       97%         4
 Dragon Form              Tmut           0%         N/A       100%        7
 Dragon's Call            Summ           0%         N/A       100%        9


Dungeon Overview and Level Annotations

Branches:
Dungeon (4/15)
 Temple: D:4-7

Altars:

Annotations:
D:3 1 transporter, Majang's ghost, amateur FoFi


Innate Abilities, Weirdness & Mutations

You are small and have problems with some larger weapons.
You are completely attuned to the shadows.


Message History

You closely miss the orc. The orc hits you with a +0 short sword.
You hit the orc.
The orc is poisoned.
The orc is lightly wounded.
You hit the orc.
You kill the orc!
No target in view!
You see here a +0 short sword.
Found a stone staircase leading down.
There is a stone staircase leading down here.
There is a stone staircase leading down here.
A jelly comes into view.
A jelly is nearby!
The helpless jelly fails to defend itself.
You perforate the jelly like a sieve!!!
You kill the jelly!
Your life force feels restored.
No target in view!
Found 6 stones.
A gnoll comes into view. It is wielding a +0 spear.
A gnoll is nearby!
A gnoll comes into view. It is wielding a +0 spear.
The gnoll shouts!
You hear a shout!
A gnoll comes into view. It is wielding a +0 spear.
The gnoll shouts!
A gnoll comes into view. It is wielding a +0 whip.
The gnoll shouts!
The gnoll closely misses you. The gnoll hits you with a +0 spear.
The gnoll misses you. The gnoll hits you with a +0 spear.
You hit the gnoll but do no damage.
The gnoll is poisoned.
You hit the gnoll.
The gnoll looks as sick as possible!
The gnoll is lightly wounded.
The gnoll hits you with a +0 spear. x2
The gnoll misses you.
The gnoll hits you from afar with a +0 spear.
The gnoll hits you from afar with a +0 spear!
The gnoll hits you from afar with a +0 spear.
* * * LOW HITPOINT WARNING * * *
The gnoll attacks as you move away! The gnoll hits you with a +0 whip!
You die...

##..## . ###....## #..##
###..## ...# ##......#
##..# ..## #........
#..# ..8. ......... #..#
..... #......... #..#
8.... ....ggg...
#####..### #(#....g...#
#......##.
#......@...####.###.....
#....8.....##....[......
#........###...........
#.8.8#...###...........
#....######...##'##....
##8..# #.....#...#....
#...####.##..#...#....
##..8.....##..#...#....
##.............#####....


You could see 4 gnolls.

Vanquished Creatures
  A jelly (D:4)
  2 hounds
  An orc priest (D:3)
  Jessica (D:2)
  An iguana (D:4)
  An adder (D:4)
  3 worms
  7 orcs
  4 ball pythons
  4 bats
  4 endoplasms
  6 giant cockroaches
  7 goblins
  6 hobgoblins
  4 jackals (D:4)
  9 kobolds
  2 quokkas
  4 frilled lizards
  3 rats (D:2)
70 creatures vanquished.

Notes
Turn   | Place    | Note
-------+----------+-------------------------------------------
     0 | D:1      | CrazyBamboolord the Kobold Monk began the quest for the
                  | Orb.
     0 | D:1      | Reached XP level 1. HP: 14/14 MP: 1/1
   103 | D:1      | Reached XP level 2. HP: 19/19 MP: 2/2
   589 | D:2      | Noticed Jessica
   599 | D:2      | Killed Jessica
   600 | D:2      | Reached XP level 3. HP: 24/24 MP: 3/3
   650 | D:2      | Found a faded altar of an unknown god.
   680 | D:2      | Reached XP level 4. HP: 29/29 MP: 4/4
  1079 | D:2      | Identified the +10 flail "Ytzesmow" {protect, Dex+6}
  1329 | D:3      | Reached skill level 5 in Short Blades
  1390 | D:3      | Reached XP level 5. HP: 33/33 MP: 5/5
  1560 | D:3      | Found a transporter.
  1564 | D:3      | Noticed Majang's ghost (amateur FoFi)
  1900 | D:3      | Noticed an ogre
  2137 | D:4      | Reached skill level 5 in Stealth
  2519 | D:4      | Reached XP level 6. HP: 34/34 MP: 6/6
  2878 | D:4      | Slain by a gnoll

Illustrated notes

Levels and vault maps discovered:
D:1:      lightli_arrival_statuegarden, layout_rooms
D:2:      layout_loops_ring, dreamdust_ecumenical_altar_statues, minmay_3d_cube,
          uniq_jessica
D:3:      layout_basic, gammafunk_ghost_smash, kennysheep_cluttered_room
D:4:      layout_cave_pods, lemuel_coloured_pillars_altar, serial_column_ruins,
          column_ruins_hut, column_ruins_circle_small,
          column_ruins_columns_straight, column_ruins_open_medium_water,
          column_ruins_corridor_straight, column_ruins_grid_1,
          column_ruins_grid_3, column_ruins_corridor_straight, uniq_ijyb

Skill      XL: |  1  2  3  4  5 |
---------------+----------------+-----
Stealth        | 3 4 5 |  5.9
Dodging        | 4 |  4.6
Fighting       | 4 |  4.3
Short Blades   | 5 |  5.7

Action                     |  1- 3 |  4- 6 || total
---------------------------+-------+-------++-------
  Melee: Short sword       |    56 |   126 ||   182
         Punch             |     1 |     2 ||     3
    Use: Scroll            |     2 |     3 ||     5
   Stab: Sleeping          |     8 |    24 ||    32
 Armour: Robe              |     7 |     3 ||    10
  Dodge: Dodged            |    33 |    69 ||   102

Table legend: (Time is in decaauts)
 A = Elapsed time spent in this place.
 B = Non-inter-level travel time spent in this place.
 C = Inter-level travel time spent in this place.
 D = Time resting spent in this place.
 E = Time spent auto-exploring this place.
 F = Levels seen in this place.
 G = Mean time per level.
                   A        B        C        D        E       F      G
               +--------+--------+--------+--------+--------+-----+--------+
         Total |   2835 |   2736 |     99 |    180 |   2098 |   4 |  708.8 |
       Dungeon |   2835 |   2736 |     99 |    180 |   2098 |   4 |  708.8 |
               +--------+--------+--------+--------+--------+-----+--------+

Top non-repeatable levels by time:
     D:3: 845 daAuts
     D:4: 727 daAuts
     D:2: 696 daAuts
     D:1: 566 daAuts
